 Dungeon Crawl Stone Soup version 0.20.1-1-g8b1a95d (webtiles) character file.

298 jmlagarto the Slasher (level 6, -6/48 HPs)
             Began as a Merfolk Fighter on Sept 20, 2017.
             Mangled by a gnoll
             ... wielding a +0 halberd
              (8 damage)
             ... on level 3 of the Dungeon on Sept 21, 2017.
             The game lasted 00:10:16 (3831 turns).

jmlagarto the Slasher (Merfolk Fighter)             Turns: 3831, Time: 00:10:17

Health: -6/48      AC:  6    Str: 23    XL:     6   Next: 35%
Magic:  6/6        EV:  9    Int:  7    God:
Gold:   148        SH: 11    Dex: 17    Spells: 5/5 levels left

rFire    . . .     SeeInvis .   a - +0 long sword
rCold    . . .     Gourm    .   c - +1 shield
rNeg     . . .     Faith    .   b - +0 scale mail
rPois    +         Spirit   .   (no helmet)
rElec    .         Reflect  .   (no cloak)
rCorr    .         Harm     .   (no gloves)
MR       .....                  (no boots)
Stlth    ..........             (no amulet)
Regen    0.2/turn               n - ring of poison resistance
MPRegen  0.1/turn               p - +3 ring of dexterity (curse)

@: mighty
A: change form in water, swift swim, stealthy swim
a: no special abilities


You were on level 3 of the Dungeon.
You were not hungry.

You visited 1 branch of the dungeon, and saw 3 of its levels.

You collected 148 gold pieces.

Inventory:

Hand Weapons
 a - a +0 long sword (weapon)
Armour
 b - a +0 scale mail (worn)
 c - a +1 shield (worn)
Jewellery
 g - an uncursed amulet of the gourmand {unknown}
 n - a ring of poison resistance (left hand)
 p - a cursed +3 ring of dexterity (right hand)
Scrolls
 e - 5 scrolls of identify
 i - a scroll of teleportation
Potions
 h - a potion of cancellation
Comestibles
 f - 2 bread rations


   Skills:
 + Level 4.1 Fighting
 + Level 4.6 Long Blades
 + Level 3.0 Armour
 + Level 2.3 Dodging
 + Level 0.2 Stealth
 + Level 4.0 Shields


You had 5 spell levels left.
You didn't know any spells.

Dungeon Overview and Level Annotations

Branches:
Dungeon (3/15)

Altars:

Annotations:
D:3 1 runed door


Message History

The gnoll hits you but does no damage.
You hit the gnoll but do no damage.
The gnoll is almost dead.
The gnoll hits you with a flail.
* * * LOW HITPOINT WARNING * * *
The gnoll hits you but does no damage. x2
You barely miss the gnoll.
The gnoll is almost dead.
The gnoll hits you with a flail!
* * * LOW HITPOINT WARNING * * *
The gnoll hits you but does no damage. x2
Okay, then.
You slash the gnoll!
You kill the gnoll!
Your Shields skill increases to level 4!
You block the gnoll's attack. The gnoll hits you.
* * * LOW HITPOINT WARNING * * *
You barely miss the gnoll.
The gnoll hits you from afar with a halberd!
You die...

.# #.#####.#...# #..##....# ##
#.#######...# ##..#####.# #
#...........####....#....# #
###########.......#.#.####
####...........#...###.......
#####....#######..<#....##.......
......##.##.########..#..#.......
########....##.......###.........
...[.....#.##..)@................
##########.....g).....###........
.........#.#..g......#...........
########...#.........#.#.........
..†...##.####...#.#..............
#####....# #...........#.........
###### #....#.#..######.####. #
#.........# #.# ## #####
###..........### #.# #.


You could see 2 gnolls.

Vanquished Creatures
  A hound (D:3)
  An orc priest (D:3)
  A centaur skeleton (D:3)
  An orc wizard (D:3)
  2 gnolls (D:3)
  8 adders
  An ooze (D:2)
  2 worms
  3 leopard geckos
  4 orcs (D:3)
  12 bats
  6 giant cockroaches
  9 hobgoblins
  8 jackals
  2 quokkas (D:3)
  2 frilled lizards (D:2)
  4 goblins
  9 kobolds
  6 rats
82 creatures vanquished.

Notes
Turn   | Place    | Note
-------+----------+-------------------------------------------
     0 | D:1      | jmlagarto the Merfolk Fighter began the quest for the Orb.
     0 | D:1      | Reached XP level 1. HP: 18/18 MP: 1/1
    73 | D:1      | Reached XP level 2. HP: 5/24 MP: 2/2
   609 | D:1      | Reached XP level 3. HP: 28/29 MP: 3/3
   619 | D:1      | Reached skill level 1 in Dodging
  1288 | D:2      | Reached XP level 4. HP: 14/35 MP: 4/4
  1962 | D:2      | Reached XP level 5. HP: 31/42 MP: 5/5
  2877 | D:3      | Reached XP level 6. HP: 12/48 MP: 6/6
  3420 | D:3      | Found a runed door.
  3830 | D:3      | HP: 1/48 [gnoll (2)]
  3831 | D:3      | Mangled by a gnoll

Skill      XL: |  1  2  3  4  5  6 |
---------------+-------------------+-----
Dodging        | 1 2 |  2.3
Long Blades    | 3 4 |  4.6
Fighting       | 4 |  4.1
Armour         | 3 |  3.0
Shields        | 4 |  4.0
Stealth        | |  0.2

Action                   |  1- 3 |  4- 6 || total
-------------------------+-------+-------++-------
Melee: Long sword        |   141 |   214 ||   355
  Use: Potion            |       |     3 ||     3
       Scroll            |       |     9 ||     9
  Eat: Meat ration       |     1 |       ||     1
       Bread ration      |       |     1 ||     1
       Fruit             |       |     2 ||     2
Armor: Scale mail        |    87 |    96 ||   183
       Skin              |       |    50 ||    50
Dodge: Dodged            |    54 |    97 ||   151
Block: Shield            |    59 |   144 ||   203
       Rpst.: Long sword |    19 |    24 ||    43
